 Dungeon Crawl Stone Soup version 0.30.1-11-g7821555f0a (webtiles) character file.

Game seed: 12072426954470337540

3663 Ivernyr the Blocker (level 10, -3/80 HPs)
             Began as a Formicid Fighter on Dec 5, 2023.
             Slain by an orc knight
             ... wielding a +4 heavy battleaxe
              (15 damage)
             ... in a bailey.
             The game lasted 00:20:16 (8064 turns).

Ivernyr the Blocker (Formicid Fighter)              Turns: 8064, Time: 00:20:17

Health: -3/80      AC: 20    Str: 25    XL:     10   Next: 34%
Magic:  10/10      EV:  9    Int:  8    God:
Gold:   499        SH:  6    Dex: 13    Spells: 9/9 levels left

rFire   + . .        a - +0 quarterstaff
rCold   . . .        c - +0 buckler
rNeg    . . .        b - +2 scale mail {rF+}
rPois   .            (helmet unavailable)
rElec   .            w - +0 cloak
rCorr   .            B - +0 pair of gloves
SInv    +            D - +2 pair of boots
Will    ++...        (no amulet) Stlth
                     j - ring of willpower
HPRegen 0.33/turn    n - +4 ring of protection
MPRegen 0.12/turn

%: no passive effects
@: mighty
A: permanent stasis, dig shafts and tunnels, antennae 3, four strong arms
a: Dig


You were in a bailey.
You visited 2 branches of the dungeon, and saw 8 of its levels.
You also visited: Sewer and Bailey.

You collected 499 gold pieces.

Inventory:

Hand Weapons
 a - a +0 quarterstaff (weapon)
Armour
 b - a +2 scale mail of fire resistance (worn)
 c - a +0 buckler (worn)
 w - a +0 cloak (worn)
 B - a +0 pair of gloves (worn)
 D - a +2 pair of boots (worn)
Jewellery
 j - a ring of willpower (left hand)
 n - a +4 ring of protection (right hand)
Wands
 m - a wand of polymorph (10)
 A - a wand of flame (21)
Scrolls
 g - 9 scrolls of identify {unknown}
 i - a scroll of immolation {unknown}
 o - 3 scrolls of poison {unknown}
 r - 4 scrolls of vulnerability {unknown}
 s - a scroll of noise {unknown}
 v - 2 scrolls of fog {unknown}
 y - a scroll of enchant weapon {unknown}
 z - 2 scrolls of teleportation {unknown}
Potions
 d - 2 potions of might
 e - 5 potions of curing
 f - 2 potions of brilliance {unknown}
 h - 2 potions of mutation {unknown}
 k - a potion of attraction {unknown}
 l - a potion of resistance {unknown}
 p - 4 potions of haste {unknown}
 q - 2 potions of cancellation {unknown}
 t - a potion of flight {unknown}
 u - a potion of magic {unknown}
 x - a potion of invisibility {unknown}
 C - 2 potions of berserk rage {unknown}


   Skills:
 + Level 7.8 Fighting
 * Level 9.2 Staves
 + Level 7.7 Armour
 + Level 9.3 Shields


You had 9 spell levels left.
You didn't know any spells.
Your spell library contained the following spells:

 Spells                   Type           Power      Damage    Failure   Level
 Blade Hands              Tmut           0%         N/A       100%        5
 Irradiate                Conj/Tmut      0%         3d11      100%        5
 Dragon Form              Tmut           0%         N/A       100%        7


Dungeon Overview and Level Annotations

Branches:
Dungeon (7/15)             Temple (1/1) D:4           Sewer (visited)
 Bailey (1/1)

Altars:
Ashenzari
Dithmenos
Fedhas
Gozag
Kikubaaqudgha
Makhleb
Nemelex Xobeh
Okawaru
Qazlal
Sif Muna
Trog
Vehumet
Xom
Yredelemnul
Zin
The Shining One


Innate Abilities, Weirdness & Mutations

You cannot be hasted, slowed, berserked, paralysed or teleported.
You can dig through walls and to a lower floor.
You have a pair of large antennae on your head. (SInv)
Your four strong arms can wield two-handed weapons with a shield.


Message History

You hit the orc knight but do no damage.
The orc knight hits you but does no damage.
You hit the orc knight.
The orc knight is lightly wounded.
You hit the orc knight but do no damage.
The orc knight is lightly wounded.
The orc knight hits you with a +4 heavy battleaxe!
You hit the orc knight but do no damage.
The orc knight is lightly wounded.
You hit the orc knight but do no damage.
The orc knight is lightly wounded.
The orc knight barely misses you.
You closely miss the orc knight.
The orc knight is lightly wounded.
You closely miss the orc knight.
The orc knight is lightly wounded.
The orc knight hits you with a +4 heavy battleaxe!
You closely miss the orc knight.
The orc knight is lightly wounded.
The orc knight barely misses you.
You barely miss the orc knight.
The orc knight is lightly wounded.
You hit the orc knight.
The orc knight is lightly wounded.
The orc knight hits you with a +4 heavy battleaxe!!
* * * LOW HITPOINT WARNING * * *
You hit the orc knight but do no damage.
The orc knight is lightly wounded.
You hit the orc knight but do no damage.
The orc knight is lightly wounded.
You block the orc knight's attack.
You hit the orc knight but do no damage.
The orc knight is lightly wounded.
You barely miss the orc knight.
The orc knight is lightly wounded.
The orc knight hits you with a +4 heavy battleaxe!!
* * * LOW HITPOINT WARNING * * *
It was a potion of curing.
You feel better.
The orc knight hits you with a +4 heavy battleaxe!
You die...

#.~)#############'##
#.~.##.....##.......
#.~..##...'#..≈≈≈.≈≈
#.~~..##.##..≈≈.....
##.~~..#'#..≈≈...⌠..
#∩.~~..#'#....§.⌠∩⌠.
#.~~..## ##..≈≈§....
#.~..## ##..≈≈≈≈§≈
#.~@## ##..§§...
#.~o#########'###'##
#.~..))..)...##.....
#.~~~~~~~~o~..##.∩.#
#.........)~~..## ##
##########..~~..###)
##..~~.....
##..~~~~~~ ##.......


You could see an orc knight.

Vanquished Creatures
  Pikel (D:5)
  2 orc knights (Bailey)
  A steam dragon (D:7)
  An ice beast (D:5)
  A black bear (D:5)
  A sky beast (D:6)
  2 orc warriors (Bailey)
  3 ogres
  2 phantoms
  A centaur (D:6)
  A kobold brigand (Sewer)
  5 bullfrogs
  A scorpion (D:4)
  2 orc priests
  3 hounds
  A jelly (D:6)
  A sleepcap (D:6)
  3 iguanas
  Natasha (twice) (D:3)
  3 orc wizards
  13 gnolls
  2 adders
  7 river rats
  2 white imps
  3 worms
  2 dart slugs (D:2)
  29 orcs
  7 endoplasms
  6 giant cockroaches
  6 goblins
  4 hobgoblins
  5 jackals (D:2)
  21 kobolds
  A quokka (D:4)
  17 ball pythons
  6 bats
  6 frilled lizards
  20 rats
194 creatures vanquished.

Notes
Turn   | Place    | Note
-------+----------+-------------------------------------------
     0 | D:1      | Ivernyr the Formicid Fighter began the quest for the Orb.
     0 | D:1      | Reached XP level 1. HP: 18/18 MP: 1/1
   181 | D:1      | Reached XP level 2. HP: 24/24 MP: 2/2
   504 | D:1      | Reached XP level 3. HP: 27/29 MP: 3/3
  1225 | D:2      | Reached XP level 4. HP: 30/37 MP: 4/4
  1578 | D:3      | Noticed Natasha
  1590 | D:3      | Killed Natasha
  1628 | D:3      | Noticed Natasha
  1806 | D:3      | Killed Natasha
  1807 | D:3      | Reached XP level 5. HP: 41/42 MP: 5/5
  1920 | D:3      | HP: 1/42 [gnoll/+0 whip (5)]
  1928 | D:2      | HP: 2/42 [gnoll/+0 whip (1)]
  2267 | D:3      | Found a glowing silver altar of Zin.
  2465 | D:3      | Reached skill level 5 in Shields
  2987 | D:4      | Reached XP level 6. HP: 48/48 MP: 6/6
  3059 | D:4      | Identified the +1 robe of Mezcal {Will+ SInv}
  3276 | D:4      | Reached XP level 7. HP: 26/55 MP: 7/7
  3685 | D:4      | Found a staircase to the Ecumenical Temple.
  3698 | Temple   | Entered the Ecumenical Temple
  4079 | D:5      | Entered Level 5 of the Dungeon
  4087 | D:5      | Reached skill level 5 in Staves
  4112 | D:5      | Reached skill level 5 in Fighting
  4191 | D:5      | Found a glowing drain.
  4216 | D:5      | Reached skill level 5 in Armour
  4227 | Sewer    | Entered a sewer
  4660 | Sewer    | Reached XP level 8. HP: 21/62 MP: 8/8
  5326 | D:5      | Found a radiant altar of Vehumet.
  5412 | D:5      | Found a bloodstained altar of Trog.
  5477 | D:5      | Noticed Pikel
  5506 | D:5      | Killed Pikel
  5507 | D:5      | Reached XP level 9. HP: 46/69 MP: 9/9
  6451 | D:6      | Found a shadowy altar of Dithmenos.
  6802 | D:7      | Identified the +0 leather armour of the Equator {Dex+3}
  6812 | D:7      | Identified the +3 mace of the Jumping King {flame, rF-
                  | Dex+4}
  7201 | D:7      | Found a flagged portal.
  7228 | Bailey   | Entered a bailey
  7521 | Bailey   | Noticed an orc knight
  7521 | Bailey   | Noticed an orc knight
  7522 | Bailey   | Noticed an orc knight
  7558 | Bailey   | Killed an orc knight
  7559 | Bailey   | Reached XP level 10. HP: 10/79 MP: 10/10
  7809 | Bailey   | Identified the +10 fire dragon scales of Xagynk {rF++ rC-
                  | Str+3 Int+6 Dex-5}
  7960 | Bailey   | Killed an orc knight
  8063 | Bailey   | HP: 3/80 [orc knight/+4 heavy battleaxe (22)]
  8064 | Bailey   | Slain by an orc knight

Illustrated notes

Levels and vault maps discovered:
D:1:      mushboom_english_gardens, layout_basic, minivault_27,
          minmay_misc_feat_diagonals
D:2:      layout_loops_ring, serial_park_tiny_pond
D:3:      layout_basic, zin_scriptorium, kennysheep_generic_room_2, uniq_natasha
D:4:      layout_loops_corners, minmay_temple_entry_proselytizer
D:5:      layout_loops_ring, nicolae_overflow_crystal_walls,
          mainiacjoe_overflow_six_doors_small, cheibrodos_sewer_entry_sluice,
          st_stairs_12, uniq_pikel
D:6:      layout_basic, lemuel_doored_altar
D:7:      layout_rooms, enter_bailey_7, minmay_holes
Temple:   nicolae_temple_x_marks_the_god
Bailey:   bailey_polearm_1, bailey

Skill      XL: |  1  2  3  4  5  6  7  8  9 10 |
---------------+-------------------------------+-----
Staves         | 3 4 5 6 8 9 |  9.2
Fighting       | 4 5 6 7 |  7.8
Armour         | 4 5 6 7 |  7.7
Shields        | 5 6 7 9 |  9.3

Action                     |  1- 3 |  4- 6 |  7- 9 | 10-12 || total
---------------------------+-------+-------+-------+-------++-------
  Melee: Quarterstaff      |    86 |   151 |   501 |    51 ||   789
    Use: Potion            |       |       |     1 |     3 ||     4
 Armour: Scale mail        |    39 |    73 |   314 |     7 ||   433
  Dodge: Dodged            |    37 |    69 |   235 |     9 ||   350
  Block: Buckler           |    19 |    56 |   173 |     8 ||   256
